 Dungeon Crawl Stone Soup version 0.18.1-6-gd335043 (webtiles) character file.

415 zxpr0jk the Skirmisher (level 6, -3/51 HPs)
             Began as a Vampire Fighter on May 20, 2016.
             Slain by a wight
             ... wielding a +1 war axe
              (6 damage)
             ... on level 4 of the Dungeon.
             The game lasted 00:04:17 (1969 turns).

zxpr0jk the Skirmisher (Vampire Fighter)            Turns: 1969, Time: 00:04:17

Health: -3/51      AC:  6    Str: 15    XL:     6   Next: 60%
Magic:  15/15      EV:  6    Int: 10    God:
Gold:   184        SH:  9    Dex: 16    Spells: 0 memorised, 5 levels left

rFire  . . .     SeeInvis +     d - +3 flail (venom)
rCold  + + .     Gourm    .     b - +0 scale mail
rNeg   + + +     Faith    .     c - +0 shield
rPois  +         Spirit   .     (no helmet)
rElec  .         Dismiss  .     (no cloak)
rCorr  .         Reflect  .     (no gloves)
SustAt .         Harm     .     (no boots)
MR     .....                    (no amulet)
Stlth  ..........               q - ring of loudness (curse)
                                g - ring of magical power

@: regenerating slowly, not resistant to hostile enchantments, extremely
unstealthy
A: fangs 3, see invisible, unbreathing
a: Bat Form


You were on level 4 of the Dungeon.
You were near bloodless.

You visited 1 branch of the dungeon, and saw 4 of its levels.

You collected 184 gold pieces.

Inventory:

Hand Weapons
 d - a +3 flail of venom (weapon)
Armour
 b - a +0 scale mail (worn)
 c - a +0 shield (worn)
Jewellery
 g - a ring of magical power (left hand)
 q - a cursed ring of loudness (right hand)
Scrolls
 a - a scroll of noise {unknown}
 f - 3 scrolls of teleportation {unknown}
 j - a scroll of fog {unknown}
 k - 3 scrolls of identify {unknown}
 p - 2 scrolls of remove curse {unknown}
 s - a scroll of enchant weapon {unknown}
Potions
 e - 2 potions of blood
 h - a potion of agility {unknown}
 i - 2 potions of curing {unknown}
 m - a potion of cancellation {unknown}
 n - a potion of cure mutation
 o - a potion of heal wounds {unknown}
 r - a potion of brilliance {unknown}


   Skills:
 + Level 5.2 Fighting
 + Level 4.2 Maces & Flails
 - Level 2.4 Armour
 - Level 2.6 Shields


You had 5 spell levels left.
You didn't know any spells.

Dungeon Overview and Level Annotations

Branches:
Dungeon (4/15)
 Temple: D:4-7

Altars:
Fedhas


Innate Abilities, Weirdness & Mutations

You heal slowly.
You have razor-sharp teeth.
You have supernaturally acute eyesight.
You can survive without breathing.


Message History

You are too injured to fight recklessly!
You are too injured to fight recklessly!
You barely miss the wight.
The wight is heavily damaged.
The wight hits you with an enchanted dagger.
* * * LOW HITPOINT WARNING * * *
You sock the wight!
You destroy the wight!
You closely miss the wight. The wight hits you but does no damage.
The wight hits you with an enchanted war axe.
* * * LOW HITPOINT WARNING * * *
You barely miss the wight. You block the wight's attack.
Drink which item? (? for menu, Esc to quit)
Okay, then.
Drink which item? (? for menu, Esc to quit)
It was a potion of cure mutation.
It has a very clean taste.
Drink which item? (? for menu, Esc to quit)
It was a potion of berserk rage.
You feel slightly irritated.
The wight hits you with an enchanted war axe.
You die...

##.#..#.#
###..##...#####
#.............. ..
##.....#........
...#..........$....
..........##.......
..[...zz...z.......
..####z##.........
.. #@# #........
#.# ........ #..
........ ...# #####
####


You could see 3 wights.

Vanquished Creatures
  Sigmund (D:3)
  2 wights (D:4)
  Jessica (D:3)
  A worker ant (D:4)
  2 hound skeletons (D:4)
  6 adders
  An ooze (D:2)
  An adder skeleton (D:4)
  2 giant geckos
  An orc (D:3)
  4 bats
  4 giant cockroaches
  7 goblins
  3 hobgoblins
  3 jackals (D:3)
  A quokka (D:4)
  A ball python (D:3)
  5 giant newts
  4 kobolds
  7 rats
57 creatures vanquished.

Notes
Turn   | Place    | Note
--------------------------------------------------------------
     0 | D:1      | zxpr0jk the Vampire Fighter began the quest for the Orb.
     0 | D:1      | Reached XP level 1. HP: 17/17 MP: 1/1
   350 | D:1      | Reached XP level 2. HP: 21/23 MP: 2/2
   521 | D:1      | Reached skill level 3 in Fighting
  1134 | D:2      | Reached XP level 3. HP: 26/29 MP: 3/3
  1438 | D:3      | Noticed Sigmund
  1452 | D:3      | Killed Sigmund
  1452 | D:3      | Reached skill level 4 in Fighting
  1452 | D:3      | Reached XP level 4. HP: 14/38 MP: 4/4
  1452 | D:3      | Reached XP level 5. HP: 16/43 MP: 5/5
  1757 | D:3      | Noticed Jessica
  1760 | D:3      | Killed Jessica
  1760 | D:3      | Reached XP level 6. HP: 36/49 MP: 6/6
  1808 | D:3      | Found a blossoming altar of Fedhas.
  1928 | D:4      | Reached skill level 5 in Fighting
  1969 | D:4      | Slain by a wight

Skill      XL: |  1  2  3  4  5  6 |
---------------+-------------------+-----
Maces & Flails | 2 3 4 |  4.2
Fighting       | 3 4 5 |  5.2
Armour         | |  2.4
Shields        | |  2.6

Action                   |  1- 3 |  4- 6 || total
-------------------------+-------+-------++-------
Melee: Flail             |   120 |    60 ||   180
       Bite              |    10 |     4 ||    14
  Use: Potion            |     1 |     2 ||     3
Armor: Scale mail        |    75 |    25 ||   100
Dodge: Dodged            |    45 |    17 ||    62
Block: Shield            |    68 |    32 ||   100
